 Dungeon Crawl Stone Soup version 0.18.1-5-g4a78601 (webtiles) character file.

1192 epen the Ducker (level 8, -3/61 HPs)
             Began as a Demonspawn Gladiator on May 13, 2016.
             Slain by an ogre
             ... wielding a +0 giant spiked club
              (4 damage)
             ... on level 6 of the Dungeon.
             The game lasted 00:07:52 (4844 turns).

epen the Ducker (Demonspawn Gladiator)              Turns: 4844, Time: 00:07:53

Health: -3/61      AC:  6    Str: 18    XL:     8   Next: 20%
Magic:  9/9        EV: 12    Int:  9    God:
Gold:   305        SH:  0    Dex: 14    Spells: 1 memorised, 2 levels left

rFire  + . .     SeeInvis .     k - +0 short sword (drain)
rCold  . . .     Gourm    .     E - +0 scale mail
rNeg   . . .     Faith    .     (no shield)
rPois  .         Spirit   .     (helmet restricted)
rElec  .         Dismiss  .     (no cloak)
rCorr  .         Reflect  .     (no gloves)
SustAt .         Harm     .     (no boots)
MR     .....                    (no amulet)
Stlth  ..........               w - ring of protection from fire
                                h - ring of loudness (curse)

@: not resistant to hostile enchantments, extremely unstealthy
A: antennae 1, spiny 2, rot immunity
a: no special abilities


You were on level 6 of the Dungeon.
You were very hungry.

You visited 1 branch of the dungeon, and saw 6 of its levels.

You collected 305 gold pieces.

Inventory:

Hand Weapons
 a - a +0 long sword
 k - a +0 short sword of draining (weapon)
Missiles
 d - 3 throwing nets (quivered)
Armour
 b - a +0 leather armour
 c - a +0 helmet
 A - a +0 ring mail
 E - a +0 scale mail (worn)
Jewellery
 h - a cursed ring of loudness (left hand)
 w - a ring of protection from fire (right hand)
 B - an uncursed ring of stealth
 F - an uncursed ring of protection from cold
 R - an uncursed ring of see invisible
Wands
 y - a wand of polymorph (11/24)
 z - a wand of flame (20/48)
 G - a wand of random effects (27/48)
 K - a wand of enslavement (10/24)
Scrolls
 g - 6 scrolls of enchant weapon {unknown}
 j - 2 scrolls of identify {unknown}
 m - 3 scrolls of teleportation {unknown}
 n - a scroll of enchant armour {unknown}
 q - 2 scrolls of fog {unknown}
 r - 2 scrolls of immolation {unknown}
 s - a scroll of recharging {unknown}
 v - 3 scrolls of remove curse {unknown}
 D - a scroll of blinking {unknown}
 H - a scroll of amnesia {unknown}
 O - a scroll of magic mapping {unknown}
 Q - 3 scrolls of fear {unknown}
Potions
 e - 4 potions of curing {unknown}
 l - 2 potions of might {unknown}
 o - a potion of mutation {unknown}
 t - a potion of brilliance {unknown}
 u - 2 potions of lignification {unknown}
 x - a potion of magic {unknown}
 I - 2 potions of cure mutation {unknown}
 J - a potion of haste {unknown}
 L - a potion of heal wounds {unknown}
 M - 2 potions of degeneration {unknown}
 N - a potion of beneficial mutation {unknown}
Books
 C - a book of Annihilations

   Spells                             Type                      Level
   a - Poison Arrow                   Conjuration/Poison           6
   b - Chain Lightning                Conjuration/Air              8
   c - Lehudib's Crystal Spear        Conjuration/Earth            8
   d - Glaciate                       Conjuration/Ice              9
   e - Fire Storm                     Conjuration/Fire             9
 P - a book of the Sky

   Spells                             Type                      Level
   a - Summon Lightning Spire         Summoning/Air                4
   b - Airstrike                      Air                          4
   c - Silence                        Hexes/Air                    5
   d - Deflect Missiles               Charms/Air                   6
   e - Conjure Ball Lightning         Conjuration/Air              6
   f - Tornado                        Air                          9
Comestibles
 f - 7 bread rations
 i - 6 meat rations
 p - 2 fruits


   Skills:
 + Level 4.5 Fighting
 * Level 5.6 Long Blades
 - Level 1.7 Throwing
 + Level 3.1 Armour
 * Level 6.0 Dodging
 + Level 0.6 Spellcasting


You had 2 spell levels left.
You knew the following spells:

 Your Spells              Type           Power        Failure   Level  Hunger
a - Deflect Missiles      Chrm/Air       #.........   100%        6    #######


Dungeon Overview and Level Annotations

Branches:
Dungeon (6/15)             Temple (0/1) D:6

Altars:

Shops:
D:5 :

Annotations:
D:2 Sigmund


Innate Abilities, Weirdness & Mutations

You have a pair of small antennae on your head.
You are mostly covered in sharp spines.
You are immune to rotting.


Message History

The ogre is lightly wounded.
You hit the ogre but do no damage.
The ogre is lightly wounded.
The ogre hits you with a giant spiked club!!
* * * LOW HITPOINT WARNING * * *
You see here an arrow.
You see here an arrow.
You see here 3 arrows.
A centaur comes into view.
The centaur wields a shortbow.
The centaur shoots an arrow.
The arrow hits you!
* * * LOW HITPOINT WARNING * * *
Found a falchion.
You see here an arrow.
The centaur shoots an arrow.
The arrow hits you.
* * * LOW HITPOINT WARNING * * *
The centaur shoots an arrow.
The arrow hits you.
* * * LOW HITPOINT WARNING * * *
You see here 2 arrows.
The ogre hits you with a giant spiked club.
You die...

#.(# ###########.##.##
#).# #...........#...##
#.(#
#.#########......#####
#..# #.# #......)....
#.(# #)# #......#####
#.(# #.# #...#...##
#..# #.# #.####### #((#
#.#######. #..#
####....@((# #..#
#.....###O#<.#
#..#####.###....###)...
#........#
#.###.#.###...
#.#####..###.........
c. #.# #......########
#.#####.######
#.......# #########


You could see an ogre.

Vanquished Creatures
  The ghost of GreamJoe the Chucker, an amateur OgHu (D:3)
  An ice beast (D:5)
  An ogre (D:6)
  2 centaurs
  A phantom (D:4)
  A giant frog (D:6)
  A wyvern skeleton (D:3)
  A scorpion (D:4)
  A howler monkey (D:5)
  2 crimson imps (D:5)
  A giant frog zombie (D:5)
  A hound (D:5)
  3 orc wizards
  An orc priest (D:4)
  3 worker ants
  2 hound skeletons (D:4)
  3 adders
  2 adder zombies (D:5)
  A worm (D:5)
  A dart slug (D:1)
  5 giant geckos
  16 orcs
  A ball python (D:2)
  10 bats
  5 giant cockroaches
  6 goblins
  5 hobgoblins
  A giant cockroach zombie (D:6)
  5 giant newts
  9 kobolds
  A quokka skeleton (D:4)
  6 rats
100 creatures vanquished.

Notes
Turn   | Place    | Note
--------------------------------------------------------------
     0 | D:1      | epen the Demonspawn Gladiator began the quest for the Orb.
     0 | D:1      | Reached XP level 1. HP: 16/16 MP: 1/1
   121 | D:1      | Reached skill level 3 in Dodging
   199 | D:1      | Gained mutation: You are partially covered in sharp spines. [demonic ancestry]
   199 | D:1      | Reached XP level 2. HP: 22/22 MP: 2/2
   693 | D:2      | Gained mutation: You have a pair of small antennae on your head. [demonic ancestry]
   693 | D:2      | Reached XP level 3. HP: 18/28 MP: 3/3
  1040 | D:2      | Noticed Sigmund
  2097 | D:3      | Noticed GreamJoe's ghost (amateur OgHu)
  2174 | D:3      | Killed GreamJoe's ghost
  2174 | D:3      | Reached skill level 1 in Armour
  2174 | D:3      | Reached skill level 4 in Dodging
  2174 | D:3      | Reached XP level 4. HP: 26/34 MP: 4/4
  2174 | D:3      | Gained mutation: You are mostly covered in sharp spines. [demonic ancestry]
  2174 | D:3      | Reached XP level 5. HP: 30/39 MP: 5/5
  3051 | D:4      | Reached XP level 6. HP: 30/47 MP: 6/6
  3440 | D:5      | Entered Level 5 of the Dungeon
  3464 | D:5      | Reached skill level 5 in Dodging
  3527 | D:5      | Found Vaeclov's Book Shoppe.
  3569 | D:5      | Reached XP level 7. HP: 52/52 MP: 7/7
  3841 | D:5      | Reached skill level 5 in Long Blades
  4472 | D:6      | Found a staircase to the Ecumenical Temple.
  4521 | D:6      | Gained mutation: You are immune to rotting. [demonic ancestry]
  4521 | D:6      | Reached XP level 8. HP: 61/61 MP: 8/8
  4558 | D:6      | Learned a level 6 spell: Deflect Missiles
  4777 | D:6      | Reached skill level 6 in Dodging
  4779 | D:6      | HP: 1/61 [ogre/giant spiked club (19)]
  4843 | D:6      | HP: 2/61 [centaur/arrow (5)]
  4844 | D:6      | Slain by an ogre

Skill      XL: |  1  2  3  4  5  6  7  8 |
---------------+-------------------------+-----
Dodging        | 3 4 5 6 |  6.0
Long Blades    | 3 4 5 |  5.6
Armour         | 1 2 3 |  3.1
Fighting       | 3 4 |  4.5
Throwing       | |  1.7
Spellcasting   | |  0.6

Action                   |  1- 3 |  4- 6 |  7- 9 || total
-------------------------+-------+-------+-------++-------
Melee: Long sword        |    18 |       |       ||    18
       Short sword       |    81 |    51 |    72 ||   204
Evoke: Wand              |     3 |       |       ||     3
  Eat: Chunk             |     3 |     3 |     3 ||     9
       Royal jelly       |       |     1 |       ||     1
Armor: Leather armour    |    11 |     3 |       ||    14
       Ring mail         |       |     3 |       ||     3
       Scale mail        |       |     7 |    23 ||    30
Dodge: Dodged            |    60 |    23 |    25 ||   108
